AoeStats
← la.peligrosa

Arabia

503192558Analyzed
1v1 RM · 3mo ago on Aug 30, 2026· 55m 33s· 2 players
Game mode
Random Map
Map size
Tiny (2 player)
Population
200
Speed
Normal
Resources
Standard
Victory
Conquest
Starting age
Dark Age
Ending age
Imperial Age
RankedLock teamsTeams togetherTeam positionsShared explorationLock speedFull tech treeHidden civsTurbo modeCheats
Victory
Defeat
🇪🇸 Britons · Spain
716
+18
vs
🇩🇪 Teutons · Germany
754
-18
la.peligrosa
1:11 Loom
10:56 Feudal Age
11:09 Man-at-Arms
11:44 Double-Bit Axe
20:27 Castle Age
18:36 Horse Collar
19:19 Fletching
22:05 Padded Archer Armor
22:01 Bodkin Arrow
22:18 Crossbowman
26:57 Wheelbarrow
28:01 Heavy Plow
33:57 Imperial Age
33:19 Murder Holes
34:16 Ballistics
38:03 Chemistry
37:40 Heavy Scorpion
38:50 Scale Mail Armor
39:00 Forging
42:23 Chain Mail Armor
44:34 Elite Longbowman
46:20 Elite Skirmisher
47:45 Light Cavalry
48:26 Husbandry
49:17 Leather Archer Armor
49:02 Bracer
49:50 Bow Saw
Borndlkramer 98
5:37 Loom
11:58 Feudal Age
12:42 Horse Collar
18:06 Wheelbarrow
21:20 Castle Age
19:36 Fletching
20:10 Double-Bit Axe
20:28 Gold Mining
23:18 Bow Saw
24:29 Bodkin Arrow
31:05 Scale Mail Armor
32:07 Chain Mail Armor
34:26 Squires
40:02 Imperial Age
38:40 Elite Skirmisher
39:27 Padded Archer Armor
39:56 Hand Cart
48:06 Chemistry
49:42 Ballistics
Connection lost

Rejoining the realm…

Still unreachable

The connection could not be restored.

Session expired

The server has moved on; the page needs a fresh start.